 Dungeon Crawl Stone Soup version 0.19-a0-517-gd6a9987 (webtiles) character file.

95 Skanax the Grave Robber (level 4, -2/38 HPs)
             Began as a Deep Dwarf Necromancer on June 6, 2016.
             Succumbed to a killer bee's poison
             ... on level 2 of the Dungeon.
             The game lasted 00:07:54 (1773 turns).

Skanax the Grave Robber (Deep Dwarf Necromancer)    Turns: 1773, Time: 00:07:55

Health: -2/38      AC:  4    Str: 11    XL:     4   Next: 40%
Magic:  1/9        EV: 12    Int: 17    God:
Gold:   92         SH:  0    Dex: 11    Spells: 3 memorised, 3 levels left

rFire  + . .     SeeInvis .     k - +0 dagger
rCold  + . .     Gourm    .     a - +1 robe
rNeg   . . .     Faith    .     (no shield)
rPois  .         Spirit   .     (no helmet)
rElec  .         Dismiss  .     p - +0 cloak
rCorr  .         Reflect  .     (no gloves)
SustAt .         Harm     .     (no boots)
MR     .....                    g - amulet of inaccuracy (curse)
Stlth  ++........               (no ring)
                                n - ring of protection from fire

@: lethally poisoned (-2 -> -17), non-regenerating, not resistant to hostile
enchantments, unstealthy
A: damage resistance, recharge devices, clumsy 1, cold resistance 1, high mp 1,
sense surroundings 1, slow regeneration 3
a: Device Recharging


You were on level 2 of the Dungeon.
You were not hungry.

You visited 1 branch of the dungeon, and saw 2 of its levels.

You collected 92 gold pieces.

Inventory:

Hand Weapons
 k - a +0 dagger (weapon)
Missiles
 e - 3 javelins (quivered)
Armour
 a - a +1 robe (worn)
 p - a +0 cloak (worn)
Jewellery
 g - a cursed amulet of inaccuracy (around neck)
 n - a ring of protection from fire (left hand)
 o - a +2 amulet of reflection {unknown}
Wands
 c - a wand of heal wounds (3/9)
Scrolls
 h - 5 scrolls of identify
 i - a scroll of fear
 j - 2 scrolls of random uselessness
 l - a scroll of teleportation
Books
 b - a book of Necromancy

   Spells                             Type                      Level
   a - Pain                           Necromancy                   1
   b - Animate Skeleton               Necromancy                   1
   c - Vampiric Draining              Necromancy                   3
   d - Regeneration                   Charms/Necromancy            3
   e - Animate Dead                   Necromancy                   4
   f - Control Undead                 Necromancy                   4
Miscellaneous
 m - a plain deck of war {drawn: 1}
Comestibles
 f - a slice of pizza


   Skills:
 + Level 1.2 Fighting
 + Level 2.6 Dodging
 - Level 2.4 Stealth
 * Level 2.8 Spellcasting
 + Level 5.1 Necromancy


You had 3 spell levels left.
You knew the following spells:

 Your Spells              Type           Power        Failure   Level  Hunger
a - Pain                  Necr           ###.         2%          1    #......
b - Animate Skeleton      Necr           N/A          2%          1    #......
c - Vampiric Draining     Necr           ###.......   10%         3    ###....


Dungeon Overview and Level Annotations

Branches:
Dungeon (2/15)

Altars:
Nemelex Xobeh


Innate Abilities, Weirdness & Mutations

You are resistant to damage.
You can recharge devices by infusing magical energy.
You passively map a small area around you.
You do not regenerate naturally.
You are clumsy. (Dex -2)
Your flesh is cold resistant. (rC+)
You have an increased reservoir of magic. (+10% MP)


Message History

You are more poisoned.
The killer bee poisons you!
Evoke which item? (* to show all) (? for menu, Esc to quit)
Zapping:
c - a wand of heal wounds (4/9)
Press: ? - help, Shift-Dir - straight line, f - you, p - killer bee You feel much better.
This wand has 3 charges left.
You feel very sick. The killer bee barely misses you.
The killer bee stings you!
You feel very sick.
You closely miss the killer bee.
The killer bee is severely wounded.
You feel sick. The killer bee stings you!
* * * LOW HITPOINT WARNING * * *
The killer bee barely misses you. The killer bee stings you.
* * * LOW HITPOINT WARNING * * *
You are more poisoned.
The killer bee poisons you!
You miss the killer bee.
The killer bee is severely wounded.
You die...

#..##..........................
#..##.....#.#..#..#.##.........
###..##.....#.#....###.#####...##
....#########.#..._.#.## #..)#
##### #.#..##...# #...# # #######
#.......#.######...# #
#.....#######.......#...###.##
###.###.....# ##.##.......# #.#
.........##.####@##.###...###.###
##..#.#......yyyy##..............
#........#.#######..........#.##
#.####..##.# #.....#........
#..........# ###.#.#...####.##
############ #.........# ###
#.###.....# #.###..#### #####
#.##...# #....


You could see 4 killer bees.

Vanquished Creatures
  A killer bee (D:2)
  2 oozes (D:2)
  A worm (D:2)
  2 dart slugs
  A ball python (D:1)
  A giant cockroach (D:2)
  2 goblins (D:1)
  3 hobgoblins
  2 jackals (D:2)
  4 bats
  4 giant newts
  5 kobolds
  6 rats
34 creatures vanquished.

Vanquished Creatures (collateral kills)
  A jackal (D:2)
  A bat (D:2)
2 creatures vanquished.

Grand Total: 36 creatures vanquished

Notes
Turn   | Place    | Note
--------------------------------------------------------------
     0 | D:1      | Skanax the Deep Dwarf Necromancer began the quest for the Orb.
     0 | D:1      | Reached XP level 1. HP: 15/15 MP: 3/3
     2 | D:1      | Learned a level 1 spell: Animate Skeleton
   516 | D:1      | Reached XP level 2. HP: 22/22 MP: 1/5
   863 | D:2      | Found a sparkling altar of Nemelex Xobeh.
  1054 | D:2      | Reached XP level 3. HP: 30/30 MP: 1/6
  1075 | D:2      | Learned a level 3 spell: Vampiric Draining
  1149 | D:2      | Gained mutation: Your flesh is cold resistant. (rC+) [potion of mutation]
  1149 | D:2      | Gained mutation: You are clumsy. (Dex -2) [potion of mutation]
  1149 | D:2      | Gained mutation: You have an increased reservoir of magic. (+10% MP) [potion of mutation]
  1476 | D:2      | Reached skill level 5 in Necromancy
  1752 | D:2      | Noticed a killer bee
  1753 | D:2      | Noticed a killer bee
  1754 | D:2      | Noticed a killer bee
  1756 | D:2      | Noticed a killer bee
  1757 | D:2      | Noticed a killer bee
  1758 | D:2      | Killed a killer bee
  1758 | D:2      | Reached skill level 1 in Fighting
  1758 | D:2      | Reached XP level 4. HP: 34/38 MP: 5/9
  1772 | D:2      | HP: 1/38 [killer bee (5)]
  1773 | D:2      | Succumbed to a killer bee's poison

Vault maps used:
D:1:      dpeg_arrival_brainrot, grunt_decor_cap
D:2:      nemelex_deck, st_stairs_5

Skill      XL: |  1  2  3 |
---------------+----------+-----
Spellcasting   | 2 |  2.8
Necromancy     | 5 |  5.1
Fighting       | 1 |  1.2
Dodging        | |  2.6
Stealth        | |  2.4

Action                   |  1- 3 |  4- 6 || total
-------------------------+-------+-------++-------
Melee: Dagger            |     8 |     5 ||    13
Throw: Javelin           |     4 |       ||     4
 Cast: Pain              |    63 |     4 ||    67
       Animate Skeleton  |    13 |       ||    13
       Vampiric Draining |       |     1 ||     1
Evoke: Deck              |     1 |       ||     1
       Wand              |       |     2 ||     2
  Use: Scroll            |     7 |       ||     7
       Potion            |     2 |       ||     2
  Eat: Chunk             |     3 |       ||     3
       Bread ration      |     1 |       ||     1
Armor: Robe              |     4 |     3 ||     7
Dodge: Dodged            |    13 |    15 ||    28
